 Dungeon Crawl Stone Soup version 0.26.1-11-gd32895ea62 (webtiles) character file.

Game seed: 2265034043679410232

742 seveneves the Shield-Bearer (level 7, -5/61 HPs)
             Began as a Minotaur Fighter on July 21, 2021.
             Killed from afar by an orc wizard (6 damage)
             ... with a puff of flame
             ... on level 4 of the Dungeon on July 22, 2021.
             The game lasted 00:17:56 (3347 turns).

seveneves the Shield-Bearer (Minotaur Fighter)      Turns: 3347, Time: 00:17:56

Health: -5/61      AC: 10    Str: 20 (23) XL:     7   Next: 47%
Magic:  6/6        EV:  9    Int:  3 (5)  God:
Gold:   253        SH:  0    Dex:  6 (9)  Spells: 6/6 levels left

rFire    . . .     SeeInvis .   a - +0 flail
rCold    . . .     Faith    .   c - +0 kite shield
rNeg     . . .     Spirit   .   l - +0 ring mail (curse)
rPois    .         Reflect  .   (helmet restricted)
rElec    .         Harm     .   (no cloak)
rCorr    .         Rampage  .   n - +1 pair of gloves
Will     .....                  (no boots)
Stlth    ..........             (no amulet)
HPRegen  0.20/turn              (no ring)
MPRegen  0.10/turn              (no ring)

@: confused
A: retaliatory headbutt, horns 2, thin metallic scales 1, wild magic 1
a: no special abilities


You were on level 4 of the Dungeon.
You visited 1 branch of the dungeon, and saw 4 of its levels.

You collected 253 gold pieces.

Inventory:

Hand Weapons
 a - a +0 flail (weapon)
 o - a +2 dagger of pain
Armour
 b - a +0 scale mail
 c - a +0 kite shield (worn)
 f - a +0 pair of gloves
 h - a +0 troll leather armour
 k - a +0 plate armour
 l - a cursed +0 ring mail (worn)
 n - a +1 pair of gloves (worn)
Jewellery
 s - an uncursed ring of wizardry {unknown}
Scrolls
 e - 4 scrolls of identify
 i - a scroll of magic mapping
Potions
 d - 2 potions of might
 g - 2 potions of ambrosia
 j - 2 potions of flight


   Skills:
 + Level 5.0 Fighting
 + Level 6.1 Maces & Flails
 + Level 5.1 Armour
 + Level 2.2 Dodging
 + Level 0.5 Stealth
 + Level 6.7 Shields


You had 6 spell levels left.
You didn't know any spells.
Your spell library was empty.

Dungeon Overview and Level Annotations

Branches:
Dungeon (4/15)
 Temple: D:4-7

Altars:
Cheibriados
Fedhas
Gozag
Hepliaklqana
Trog
Yredelemnul
The Shining One

Shops:
D:4 [


Innate Abilities, Weirdness & Mutations

You reflexively headbutt those who attack you in melee.
You have a pair of horns on your head.
You are partially covered in thin metallic scales. (AC +2)
Your spells are a little harder to cast, but a little more powerful.


Message History

You headbutt the orc wizard, but do no damage.
The orc wizard is almost dead.
The orc wizard casts a spell at you. The puff of flame hits you.
* * * LOW HITPOINT WARNING * * *
Something hits you but does no damage.
The orc priest hits you from afar with a +0 trident.
* * * LOW HITPOINT WARNING * * *
The orc wizard casts a spell at you. You resist with some effort.
You miss the orc wizard. Your headbutt misses the orc wizard.
The orc wizard is almost dead.
Something hits you but does no damage.
The orc priest hits you but does no damage.
The orc wizard gestures at you while chanting.
You are confused.
You hear some strange, mumbled words.
A puff of flame appears from out of thin air!
The puff of flame hits you.
You die...

## #############################.
#....#.....o{#.......)).....#.
#....#......o@..(....()))...#.
##....#########.......)).....##
#......#..........########.....
+..)...'..........# #.....
#......#..........# #....)
##.(..#########..............##
#).).# +..............#. #.(..#
#..............#.
#####)'#########################.


You could see an orc priest and an orc wizard.

Vanquished Creatures
  An ogre (D:4)
  5 big kobolds (D:4)
  A scorpion (D:2)
  8 gnolls (D:4)
  4 adders
  An ooze (D:1)
  An adder skeleton (D:4)
  4 worms
  A leopard gecko (D:1)
  7 orcs
  2 ball pythons (D:2)
  11 bats
  6 giant cockroaches
  26 goblins
  11 hobgoblins
  8 jackals
  A quokka (D:2)
  4 frilled lizards
  9 kobolds
  11 rats
122 creatures vanquished.

Notes
Turn   | Place    | Note
-------+----------+-------------------------------------------
     0 | D:1      | seveneves the Minotaur Fighter began the quest for the Orb.
     0 | D:1      | Reached XP level 1. HP: 19/19 MP: 0/0
    69 | D:1      | Reached XP level 2. HP: 26/27 MP: 1/1
   634 | D:1      | Reached XP level 3. HP: 33/33 MP: 2/2
   694 | D:2      | Noticed a scorpion
   708 | D:2      | Killed a scorpion
   709 | D:2      | Reached XP level 4. HP: 3/41 MP: 3/3
   711 | D:2      | Gained mutation: You are partially covered in thin metallic
                  | scales. (AC +2) [potion of mutation]
   711 | D:2      | Gained mutation: Your spells are a little harder to cast,
                  | but a little more powerful. [potion of mutation]
   951 | D:2      | Reached skill level 5 in Shields
  1088 | D:2      | Found a blossoming altar of Fedhas.
  1214 | D:3      | Reached XP level 5. HP: 46/47 MP: 4/4
  1527 | D:3      | Found a hazy altar of Hepliaklqana.
  1527 | D:3      | Found a glowing golden altar of the Shining One.
  1527 | D:3      | Found a bloodstained altar of Trog.
  1527 | D:3      | Found a basalt altar of Yredelemnul.
  1540 | D:3      | Found an opulent altar of Gozag.
  1540 | D:3      | Found a snail-covered altar of Cheibriados.
  2090 | D:4      | Noticed an ogre
  2097 | D:4      | HP: 1/47 [ogre/+0 giant spiked club (9)]
  2100 | D:4      | Killed an ogre
  2101 | D:4      | Reached skill level 1 in Dodging
  2554 | D:4      | Reached XP level 6. HP: 53/53 MP: 5/5
  2621 | D:4      | Reached skill level 5 in Maces & Flails
  2985 | D:4      | Found Rejiumpub's Armour Emporium.
  3255 | D:4      | Reached XP level 7. HP: 31/60 MP: 6/6
  3278 | D:4      | HP: 3/60 [big kobold/cursed +0 club (2)]
  3279 | D:4      | Reached skill level 5 in Armour
  3288 | D:4      | Reached skill level 5 in Fighting
  3346 | D:4      | HP: 1/61 [orc priest/+0 trident (3)]
  3347 | D:4      | Killed from afar by an orc wizard

Illustrated notes

Levels and vault maps discovered:
D:1:      dpeg_arrival_another_circle, layout_loops_ring,
          chequers_serial_rivers_micro_b
D:2:      layout_rooms, fedhas_altar_fruit_tree
D:3:      layout_basic, minmay_overflow_temple_hex, minivault_14
D:4:      minmay_goblin_kobold_castle, layout_loops_ring, serial_shops, shop

Skill      XL: |  1  2  3  4  5  6  7 |
---------------+----------------------+-----
Shields        | 4 5 6 |  6.7
Fighting       | 4 5 |  5.0
Maces & Flails | 3 4 5 6 |  6.1
Armour         | 4 5 |  5.1
Dodging        | 1 2 |  2.2
Stealth        | |  0.5

Action                   |  1- 3 |  4- 6 |  7- 9 || total
-------------------------+-------+-------+-------++-------
Melee: Flail             |    51 |   190 |    42 ||   283
       Headbutt          |     8 |    35 |     6 ||    49
  Use: Scroll            |       |     8 |       ||     8
       Potion            |       |     5 |     3 ||     8
Armor: Scale mail        |    25 |    22 |       ||    47
       Ring mail         |       |    83 |    18 ||   101
Dodge: Dodged            |    20 |    87 |    22 ||   129
Block: Kite shield       |    29 |   144 |    35 ||   208
